 Dungeon Crawl Stone Soup version 0.28-a0-1594-ga885d4b3d6 (webtiles) character file.

Game seed: 1156221786634444655

392 issech the Cudgeller (level 6, -3/61 HPs)
             Began as a Troll Fighter on Jan 20, 2022.
             Was a Follower of Okawaru.
             Slain by a gnoll (9 damage)
             ... on level 4 of the Dungeon.
             The game lasted 00:10:52 (3100 turns).

issech the Cudgeller (Troll Fighter)                Turns: 3100, Time: 00:10:53

Health: -3/61      AC:  4    Str: 27    XL:     6   Next: 51%
Magic:  5/5        EV:  9    Int:  4    God:    Okawaru [*.....]
Gold:   58         SH:  8    Dex: 11    Spells: 5/5 levels left

rFire   . . .      SeeInvis .   r - +5 dagger "Jeminim" {freeze, rElec rPois Str+2 Stlth-}
rCold   . . .      Faith    .   c - +0 kite shield
rNeg    . . .      Spirit   .   b - +0 robe
rPois   +          Reflect  .   (helmet restricted)
rElec   +          Harm     .   (no cloak)
rCorr   .          Rampage  .   (gloves unavailable)
Will    .....                   (boots unavailable)
Stlth   ..........              (no amulet)
HPRegen 1.00/turn               (no ring)
MPRegen 0.09/turn               (no ring)

@: no status effects
A: large, unfitting armour, claws 3, regeneration 1, shaggy fur 1, tough skin 1
a: Renounce Religion, Heroism


You were on level 4 of the Dungeon.
You worshipped Okawaru.
Okawaru was aware of your devotion.
You visited 1 branch of the dungeon, and saw 4 of its levels.

You collected 58 gold pieces.

Inventory:

Hand Weapons
 a - a +0 flail
 r - the +5 dagger "Jeminim" (weapon) {freeze, rElec rPois Str+2 Stlth-}
   (You found it on level 3 of the Dungeon)

   It freezes those it strikes, dealing additional cold damage.
   It can also slow down cold-blooded creatures.
   Str:       It affects your strength (+2).
   rElec:     It insulates you from electricity.
   rPois:     It protects you from poison.
   Stlth:     It makes you less stealthy.
 t - a +0 whip
 v - a +0 mace
Missiles
 i - 79 stones (quivered)
 k - 25 bolts
 l - 59 arrows
Armour
 b - a +0 robe (worn)
 c - a +0 kite shield (worn)
Jewellery
 m - a +4 ring of protection
Wands
 q - a wand of flame (1)
Scrolls
 e - a scroll of holy word {unknown}
 f - a scroll of magic mapping {unknown}
 g - 2 scrolls of teleportation
 n - a scroll of torment {unknown}
 o - a scroll of noise {unknown}
 u - a scroll of enchant armour {unknown}
Potions
 d - a potion of might
 h - 3 potions of curing
 j - a potion of heal wounds
 p - a potion of flight {unknown}
 s - a potion of cancellation {unknown}


   Skills:
 + Level 3.3 Fighting
 + Level 0.2 Short Blades
 + Level 4.0 Maces & Flails
 + Level 3.7 Dodging
 + Level 0.3 Stealth
 + Level 3.2 Shields


You had 5 spell levels left.
You didn't know any spells.
Your spell library contained the following spells:

 Spells                   Type           Power      Damage    Failure   Level
 Chain Lightning          Conj/Air       0%         N/A       100%        9
 Fire Storm               Conj/Fire      0%         5d1       100%        9
 Shatter                  Erth           0%         3d5*      100%        9


Dungeon Overview and Level Annotations

Branches:
Dungeon (4/15)
 Temple: D:4-7

Altars:
Gozag
Makhleb
Okawaru
Uskayaw
Vehumet
Xom


Innate Abilities, Weirdness & Mutations

You are too large for most types of armour.
You have claws for hands.
Your natural rate of healing is unusually fast.
You are covered in fur. (AC +1)
You have tough skin. (AC +1)


Message History

You hit the bush but do no damage. You open the gate.
A gnoll shaman and 3 gnolls come into view.
The gnoll shaman shouts!
The gnoll shouts! x2
The gnoll hits you from afar with a +0 spear.
Found a shimmering altar of Xom.
You hit the gnoll. You freeze the gnoll.
The gnoll is heavily wounded.
The gnoll closely misses you.
The gnoll shaman calls upon its god to speed up the gnoll.
The gnoll seems to speed up.
The gnoll hits you with a +0 whip. You block the gnoll's attack.
The gnoll hits you with a +0 flail! The gnoll closely misses you.
The gnoll hits you from afar with a +0 spear.
There is an open gate, spattered with blood here.
The gnoll closely misses you. The gnoll hits you with a +0 flail!
There is an open gate here.
The gnoll hits the bush with a +0 whip.
The gnoll hits you from afar with a +0 spear.
The gnoll barely misses you. The gnoll hits you with a +0 flail!
You hit the gnoll. You freeze the gnoll.
The gnoll is moderately wounded.
The gnoll barely misses you. You block the gnoll's attack.
You closely miss the gnoll shaman. You block the gnoll's attack.
The gnoll hits you from afar with a +0 spear!
You block the gnoll shaman's attack.
You hit the gnoll shaman. You freeze the gnoll shaman.
The gnoll shaman is moderately wounded.
The gnoll closely misses you. You block the gnoll's attack.
The gnoll hits you from afar with a +0 spear.
* * * LOW HITPOINT WARNING * * *
The gnoll shaman hits you with a +0 club.
* * * LOW HITPOINT WARNING * * *
The gnoll hits you with a +0 flail!
* * * LOW HITPOINT WARNING * * *
The gnoll closely misses you.
The gnoll shaman calls upon its god to heal the gnoll.
The gnoll's wounds heal themselves!
The gnoll hits you with a +0 flail!
You die...

#...#...#########.###.# #..
.###.........)......#.### #.# .#
##...#########.#.#...# #.# .#
##.## ######'''#######.# ## #.#
#...'.....'...#... # #.# ###
#._.'.PPP.'._.#..# # ##+## #..
#...'.....'...#### ## ##...##
#.########'''######
.###.....###....@gg.g.........
..#.......##..#..#g.##...#####
#. ...........#..#.....##...#
... ....>......'.............#
#... .#.........#..#.....##...#
#...
###.......##..#..#..##...#####.#
##.....###.........>.........#
##...## ##..........#.......#
##+## #######.####.##.##.#


You could see a gnoll shaman and 3 gnolls.

Vanquished Creatures
  A black bear (D:3)
  A howler monkey (D:3)
  A crimson imp (D:3)
  2 howler monkey zombies (D:4)
  3 gnolls (D:3)
  8 adders
  2 worms (D:2)
  An adder skeleton (D:4)
  2 adder zombies (D:4)
  3 dart slugs (D:2)
  4 orcs (D:3)
  8 bats
  10 endoplasms
  5 giant cockroaches
  4 goblins
  A hobgoblin (D:1)
  4 jackals (D:1)
  3 quokkas
  13 ball pythons
  2 frilled lizards
  4 kobolds
  5 rats (D:1)
87 creatures vanquished.

Vanquished Creatures (others)
  2 fungi (D:2)
  8 plants
  A withered plant (D:4)
11 creatures vanquished.

Grand Total: 98 creatures vanquished

Notes
Turn   | Place    | Note
-------+----------+-------------------------------------------
     0 | D:1      | issech the Troll Fighter began the quest for the Orb.
     0 | D:1      | Reached XP level 1. HP: 22/22 MP: 0/0
   106 | D:1      | Reached XP level 2. HP: 24/29 MP: 1/1
   206 | D:1      | Reached skill level 2 in Maces & Flails
   516 | D:1      | Reached XP level 3. HP: 34/36 MP: 2/2
   843 | D:2      | Found a faded altar of an unknown god.
  1112 | D:2      | Reached XP level 4. HP: 43/44 MP: 3/3
  1958 | D:3      | Reached skill level 3 in Maces & Flails
  1968 | D:3      | Reached XP level 5. HP: 50/53 MP: 4/4
  2012 | D:3      | Found an iron altar of Okawaru.
  2029 | D:3      | Became a worshipper of Warmaster Okawaru
  2030 | D:3      | Noticed a black bear
  2081 | D:3      | Killed a black bear
  2279 | D:3      | Found a radiant altar of Vehumet.
  2285 | D:3      | Reached XP level 6. HP: 57/61 MP: 5/5
  2285 | D:3      | Found a burning altar of Makhleb.
  2342 | D:3      | Identified the +5 dagger "Jeminim" {freeze, rElec rPois
                  | Str+2 Stlth-}
  2546 | D:3      | Reached * piety under Okawaru
  2547 | D:3      | Reached skill level 4 in Maces & Flails
  2829 | D:4      | Found a hide-covered altar of Uskayaw.
  3071 | D:4      | Found an opulent altar of Gozag.
  3086 | D:4      | Found a shimmering altar of Xom.
  3100 | D:4      | Slain by a gnoll

Illustrated notes

Levels and vault maps discovered:
D:1:      amcnicky_arrival_flooded_fountain, layout_loops_ring,
          minmay_misc_feat_enclosed, minmay_misc_feat_encased,
          minmay_shallow_snake_nest
D:2:      layout_basic, shapermc_ecumenical_altar_ellora, serial_corexii_hall,
          corexii_hall_statues_x, corexii_hall_statues_t,
          chequers_hall_statues_corner_a, corexii_hall_statues_i,
          corexii_hall_statues_s, chequers_hall_statues_wall_a, minmay_bisected
D:3:      layout_basic, grunt_temple_overflow_lords_of_destruction,
          mainiacjoe_overflow_tiny_flanked
D:4:      layout_loops_corners, nicolae_uskayaw_murder_on_the_dancefloor,
          mainiacjoe_overflow_big_doors, serial_undead, serial_undead_a,
          serial_undead_a, serial_undead_d, serial_undead_c, minmay_liquid_box,
          wad_floor_pattern_1

Skill      XL: |  1  2  3  4  5  6 |
---------------+-------------------+-----
Maces & Flails | 2 3 4 |  4.0
Dodging        | 3 |  3.7
Fighting       | 3 |  3.3
Shields        | 3 |  3.2
Short Blades   | |  0.2
Stealth        | |  0.3

Action                   |  1- 3 |  4- 6 || total
-------------------------+-------+-------++-------
Melee: Flail             |   174 |    94 ||   268
       Dagger            |       |    79 ||    79
  Use: Scroll            |       |     4 ||     4
Armor: Robe              |    78 |    39 ||   117
Dodge: Dodged            |    87 |    71 ||   158
Block: Kite shield       |    63 |    63 ||   126

Table legend: (Time is in decaauts)
 A = Elapsed time spent in this place.
 B = Non-inter-level travel time spent in this place.
 C = Inter-level travel time spent in this place.
 D = Time resting spent in this place.
 E = Time spent auto-exploring this place.
 F = Levels seen in this place.
 G = Mean time per level.
                   A        B        C        D        E       F      G
               +--------+--------+--------+--------+--------+-----+--------+
         Total |   3222 |   3141 |     81 |      0 |   1716 |   4 |  805.5 |
       Dungeon |   3222 |   3141 |     81 |      0 |   1716 |   4 |  805.5 |
               +--------+--------+--------+--------+--------+-----+--------+

Top non-repeatable levels by time:
     D:2: 1154 daAuts
     D:3: 958 daAuts
     D:1: 768 daAuts
     D:4: 341 daAuts
